[Event "Titled Tuesday Blitz June 21 Late 2022"]
[White "Koziorowicz, Michal"]
[Black "Indjic, Aleksandar"]
[WhiteFideId "21809194"]
[BlackFideId "911925"]
[WhiteElo "2202"]
[BlackElo "2616"]
[Result "1-0"]
[Round "07"]
[TimeControl "180+1"]
[Date "2022.06.21"]
[WhiteClock "0:00:22"]
[BlackClock "0:00:06"]

1. e4 c5 2. Nf3 e6 3. g3 Nc6 4. Bg2 Nf6 5. Nc3 d5 6. exd5 exd5 7. d4 cxd4 8. Nxd4 Bg4 9. f3 Bd7 10. O-O Bc5 11. Re1+ Be6 12. Be3 Nxd4 13. Bxd4 Qb6 14. Bxc5 Qxc5+ 15. Kh1 O-O 16. Ne2 Rfe8 17. Nd4 Bd7 18. c3 h5 19. Qd2 h4 20. Rxe8+ Rxe8 21. Re1 h3 22. Bf1 Rxe1 23. Qxe1 Qb6 24. Qd2 Qc7 25. g4 Qe5 26. Bxh3 g5 27. Bg2 Nh7 28. Ne2 Nf8 29. f4 gxf4 30. Nxf4 Bxg4 31. Nxd5 Ng6 32. h3 Be6 33. Ne3 Nf4 34. Qd8+ Kg7 35. Qd4 Qxd4 36. cxd4 Nxg2 37. Kxg2 Bxa2 38. Kg3 b5 39. Kf4 f6 40. d5 a5 41. Ke4 Kg6 42. Kd4 b4 43. Kc5 f5 44. d6 Be6 45. Ng2 Kg5 46. Kb5 f4 47. h4+ Kg4 48. Nxf4 Kxf4 49. Kxa5 b3 50. Kb6 Kg4 51. Kc6 Kxh4 52. d7 Bxd7+ 53. Kxd7 Kg4 54. Kd6 Kf5 55. Kd5 Kf4 56. Kc4 Ke5 57. Kxb3 Kd6 58. Kb4 Kc7 59. Kb5 Kb7 60. b4 Kb8 61. Kb6 Ka8 62. b5 Kb8 63. Ka6 Ka8 64. b6 Kb8 65. b7 1-0


[Site "https://www.chess.com"]

[Event "Titled Tuesday Blitz June 21 Late 2022"]
[White "Ladan, Nicholas"]
[Black "Shapiro, Daniel"]
[WhiteFideId "30918855"]
[BlackFideId "2001780"]
[WhiteElo "2167"]
[BlackElo "2279"]
[Result "1-0"]
[Round "07"]
[TimeControl "180+1"]
[Date "2022.06.22"]
[WhiteClock "0:00:03"]
[BlackClock "0:00:02"]

1. d4 Nf6 2. Bf4 b6 3. e3 Bb7 4. Nf3 e6 5. Nbd2 d6 6. a4 a6 7. Bd3 Nbd7 8. O-O Qe7 9. b4 e5 10. dxe5 dxe5 11. Bg5 e4 12. Nxe4 Bxe4 13. Nd4 g6 14. b5 a5 15. Nc6 Bxc6 16. bxc6 Nc5 17. e4 Qe5 18. f4 Qd4+ 19. Kh1 Bg7 20. e5 Nd5 21. f5 Bxe5 22. Qf3 O-O 23. Rad1 Nc3 24. Rde1 Bg7 25. f6 Bh8 26. Qh3 Nxd3 27. cxd3 Rad8 28. Re3 Nd5 29. Re4 Qc3 30. Qf3 Nb4 31. Rh4 Rxd3 32. Qe4 Rfd8 33. Rxh7 Rd1 34. Rxh8+ 1-0


[Site "https://www.chess.com"]

[Event "Titled Tuesday Blitz June 21 Late 2022"]
[White "Lamaze, Simon"]
[Black "Melaugh, Shane"]
[WhiteFideId "36069264"]
[BlackFideId "2509580"]
[WhiteElo "2090"]
[BlackElo "1972"]
[Result "0-1"]
[Round "07"]
[TimeControl "180+1"]
[Date "2022.06.22"]
[WhiteClock "0:01:29"]
[BlackClock "0:01:14"]

1. e4 e6 2. d4 d5 3. Nd2 dxe4 4. Nxe4 Nf6 5. Bg5 Nbd7 6. Nf3 Be7 7. Ng3 c5 8. c3 cxd4 9. Nxd4 O-O 10. Bd3 Ne5 11. Bc2 Bd7 12. O-O Nc6 13. Qd3 Ne5 14. Qe2 Ng6 15. Rad1 Nd5 16. Bc1 Qc7 17. Ndf5 Bf6 18. Ne3 Ndf4 19. Qf3 Bc6 20. Ne4 Be7 21. Qg3 Ne2+ 0-1


[Site "https://www.chess.com"]

[Event "Titled Tuesday Blitz June 21 Late 2022"]
[White "Lashkin, Jegor"]
[Black "Deac, Bogdan-Daniel"]
[WhiteFideId "13907808"]
[BlackFideId "1226380"]
[WhiteElo "2368"]
[BlackElo "2648"]
[Result "0-1"]
[Round "07"]
[TimeControl "180+1"]
[Date "2022.06.21"]
[WhiteClock "0:00:06"]
[BlackClock "0:00:05"]

1. d4 Nf6 2. c4 e6 3. Nf3 d5 4. Nc3 dxc4 5. e4 Bb4 6. Bxc4 Nxe4 7. O-O Nf6 8. Qa4+ Nc6 9. Ne5 Bd6 10. Nxc6 bxc6 11. Qxc6+ Bd7 12. Qf3 h6 13. Rd1 O-O 14. Bf4 Bxf4 15. Qxf4 Bc6 16. Rac1 Qb8 17. b3 Rd8 18. Rd2 Qb7 19. f3 Rd6 20. Qe3 Rad8 21. Rcd1 a5 22. a4 Qb6 23. Qf2 Bd5 24. Nb5 R6d7 25. Na3 Bxc4 26. bxc4 Qb4 27. Rd3 Qxa4 28. Qe1 c5 29. d5 exd5 30. cxd5 Rxd5 31. Rxd5 Rxd5 32. Ra1 Qb4 33. Qf1 Rd2 34. Nc4 Rc2 35. Nxa5 c4 36. Kh1 g6 37. Nc6 Qc5 38. Qd1 Qf2 39. Qg1 c3 40. Nd4 Rd2 41. Qxf2 Rxf2 42. Rc1 Nd5 43. Kg1 Rb2 44. h4 h5 45. g4 hxg4 46. fxg4 Rb4 47. Ne2 Rxg4+ 48. Kf2 Rxh4 49. Kg3 Rc4 50. Rc2 Kg7 51. Kf3 f5 52. Rc1 Kf6 53. Rc2 g5 54. Rc1 g4+ 55. Kf2 f4 56. Rd1 Ke5 57. Rc1 c2 58. Re1 Kd6 59. Nc1 Rd4 60. Re8 Rd1 61. Ne2 c1=Q 62. Nxc1 Rxc1 63. Rd8+ Ke6 64. Rg8 g3+ 65. Kf3 Rf1+ 66. Kg2 Rf2+ 67. Kg1 Ne3 68. Re8+ Kd7 0-1


[Site "https://www.chess.com"]

[Event "Titled Tuesday Blitz June 21 Late 2022"]
[White "Leiva, Gianmarco"]
[Black "Dobre, Claudiu-Cristian"]
[WhiteFideId "3804399"]
[BlackFideId "1211854"]
[WhiteElo "2323"]
[BlackElo "2207"]
[Result "1-0"]
[Round "07"]
[TimeControl "180+1"]
[Date "2022.06.21"]
[WhiteClock "0:00:04"]
[BlackClock "0:00:04"]

1. e4 Nc6 2. d4 d5 3. e5 Bf5 4. c3 e6 5. Nf3 h6 6. Be3 Nge7 7. Nbd2 g5 8. a4 Ng6 9. a5 a6 10. b4 Na7 11. Nb3 Nb5 12. Qd2 Qd7 13. h4 g4 14. Ng1 h5 15. Ne2 b6 16. Ng3 Be7 17. Nxf5 exf5 18. g3 Qc6 19. Rc1 Na3 20. Bd3 Nc4 21. Qa2 Qe6 22. Nd2 b5 23. Qc2 Na3 24. Qa2 Nc4 25. Bf4 f6 26. Qb1 Na3 27. Bxf5 Nxb1 28. Bxe6 Nxd2 29. Kxd2 fxe5 30. Bxe5 Nxe5 31. dxe5 Rf8 32. Rhf1 c6 33. Ke2 Bd8 34. f4 gxf3+ 35. Rxf3 Rxf3 36. Kxf3 Ke7 37. Bf5 Bc7 38. Re1 Rf8 39. g4 hxg4+ 40. Kxg4 Rg8+ 41. Kf3 Rh8 42. Kg4 Rg8+ 43. Kf4 Rh8 44. Rh1 Kf7 45. h5 Kg7 46. Rg1+ Kf8 47. Rg6 Rxh5 48. Rxc6 Rh4+ 49. Kg5 Bd8+ 50. Kg6 Rc4 51. Rxc4 bxc4 52. Be6 d4 53. cxd4 c3 54. Bb3 Be7 55. b5 axb5 56. a6 Bd8 57. a7 1-0


[Site "https://www.chess.com"]

[Event "Titled Tuesday Blitz June 21 Late 2022"]
[White "Lobanov, Sergei"]
[Black "Zlatin, Alexander"]
[WhiteFideId "24183750"]
[BlackFideId "2810549"]
[WhiteElo "2524"]
[BlackElo "2228"]
[Result "1-0"]
[Round "07"]
[TimeControl "180+1"]
[Date "2022.06.21"]
[WhiteClock "0:00:42"]
[BlackClock "0:00:12"]

1. Nf3 Nf6 2. e3 e6 3. b3 d5 4. Bb2 c5 5. c4 Nc6 6. cxd5 exd5 7. Bb5 Be7 8. O-O O-O 9. Bxc6 bxc6 10. Ne5 Qc7 11. f4 Rd8 12. d3 d4 13. exd4 cxd4 14. Nd2 c5 15. Rc1 Qb7 16. Ba3 Qd5 17. Qf3 Bb7 18. Qxd5 Nxd5 19. Bxc5 Bxc5 20. Rxc5 Ne3 21. Rf2 Rac8 22. Rxc8 Rxc8 23. Nec4 Nxc4 24. Nxc4 Re8 25. Kf1 f6 26. Nd6 Re7 27. Nxb7 Rxb7 28. Rc2 Re7 29. Rc4 Rd7 30. f5 g6 31. fxg6 hxg6 32. Kf2 Kf7 33. Kf3 f5 34. h4 Kg7 35. g3 Kh6 36. Kf4 Kh5 37. Rc8 Kh6 38. Rc4 Kh5 39. b4 Rd5 40. a4 Rd7 41. b5 Kh6 42. a5 Rd5 43. Rb4 Rd7 44. b6 axb6 45. axb6 Rb7 46. Ke5 Kg7 47. Kxd4 Kf7 48. Kd5 Ke7 49. Kc6 Rd7 50. b7 Rd6+ 51. Kc5 1-0


[Site "https://www.chess.com"]

[Event "Titled Tuesday Blitz June 21 Late 2022"]
[White "Maltsevskaya, Aleksandra"]
[Black "Yurovskykh, Oleksandr"]
[WhiteFideId "24174041"]
[BlackFideId "14134020"]
[WhiteElo "2243"]
[BlackElo "2292"]
[Result "1/2-1/2"]
[Round "07"]
[TimeControl "180+1"]
[Date "2022.06.21"]
[WhiteClock "0:00:09"]
[BlackClock "0:00:20"]

1. e4 d5 2. exd5 Qxd5 3. Nf3 Bg4 4. Be2 Nc6 5. h3 Bxf3 6. Bxf3 Qe5+ 7. Kf1 e6 8. Nc3 Nge7 9. d3 g6 10. g3 O-O-O 11. Kg2 Bg7 12. Re1 Qd6 13. Nb5 Qd7 14. Be3 a6 15. Na7+ Nxa7 16. Bxa7 Nc6 17. Be3 Nd4 18. Bxd4 Qxd4 19. Re4 Qd6 20. c3 Qxd3 21. Qb3 c6 22. Rb4 Qd7 23. Rc4 Qc7 24. a4 Rd2 25. Rd1 Rhd8 26. Rxd2 Rxd2 27. Qb4 Rd8 28. Qc5 Kb8 29. b4 Bf8 30. Qe3 h5 31. b5 axb5 32. axb5 c5 33. Ra4 Bd6 34. c4 Be5 35. Qa3 Qb6 36. Ra8+ Kc7 37. Rxd8 Kxd8 38. Qa8+ Ke7 39. Bxb7 h4 40. Bc6 hxg3 41. Qe8+ Kf6 42. Qh8+ Kf5 43. Qh7 gxf2 44. Qxf7+ Bf6 45. Qd7 Qb8 46. Qd3+ Kg5 47. Qe3+ Qf4 48. h4+ Kf5 49. Qd3+ Kg4 50. Bf3+ Kxh4 51. Qxg6 Qg5+ 52. Qxg5+ Kxg5 53. Kxf2 Bd8 54. Ke3 Kf6 55. Ke4 Ke7 56. Bg4 Kd6 57. Bh5 Bf6 58. Bf3 Kc7 59. Kf4 Kb6 60. Kg4 Bc3 61. Kg5 Ba5 62. Kg6 Bb4 63. Kf7 Ba5 64. Kxe6 Bb4 65. Kd5 Ba5 66. Be4 Bb4 67. Bd3 Ba5 68. Kd6 Bb4 69. Kd7 Ba5 70. Be4 Bb4 71. Bd5 Ba5 72. Ke6 Bb4 73. Kd7 Ba5 74. Ke6 Bb4 75. Kd7 1/2-1/2


[Site "https://www.chess.com"]

[Event "Titled Tuesday Blitz June 21 Late 2022"]
[White "Mangialardo, Tiago Carvalho"]
[Black "Wang, Isaac"]
[WhiteFideId "2130718"]
[BlackFideId "30977185"]
[WhiteElo "2082"]
[BlackElo "2289"]
[Result "0-1"]
[Round "07"]
[TimeControl "180+1"]
[Date "2022.06.22"]
[WhiteClock "0:00:03"]
[BlackClock "0:01:44"]

1. e4 c5 2. Nf3 Nc6 3. d4 cxd4 4. Nxd4 Nf6 5. Nc3 e5 6. Nb3 Bb4 7. Bd3 d5 8. exd5 Nxd5 9. Bd2 Nxc3 10. bxc3 Bd6 11. O-O O-O 12. Re1 f5 13. Bc4+ Kh8 14. f3 Qc7 15. g3 b6 16. Qe2 Bb7 17. Bd5 Rad8 18. c4 a5 19. c3 a4 20. Nc1 Bc5+ 21. Kh1 Rde8 22. Be3 Na5 23. Bxb7 Nxb7 24. Bxc5 Nxc5 25. Nd3 e4 26. Nxc5 Qxc5 27. fxe4 Rxe4 28. Qd3 Qxc4 29. Qd6 Rfe8 30. Red1 Qxc3 31. Qxb6 Qf3+ 32. Kg1 Re2 0-1


[Site "https://www.chess.com"]

[Event "Titled Tuesday Blitz June 21 Late 2022"]
[White "Mei, Austin"]
[Black "Levine, Joseph"]
[WhiteFideId "30948479"]
[BlackFideId "30940346"]
[WhiteElo "1936"]
[BlackElo "1802"]
[Result "0-1"]
[Round "07"]
[TimeControl "180+1"]
[Date "2022.06.22"]
[WhiteClock "0:00:07"]
[BlackClock "0:00:18"]

1. e4 e6 2. d3 d5 3. Nd2 Nf6 4. Ngf3 c5 5. g3 Nc6 6. Bg2 Be7 7. O-O Qc7 8. Re1 h6 9. a3 b6 10. c3 O-O 11. b4 Ba6 12. Nb3 c4 13. dxc4 Bxc4 14. Nbd2 Ba6 15. Bb2 Rad8 16. exd5 Rxd5 17. Nd4 Nxd4 18. Bxd5 Ne2+ 19. Rxe2 Bxe2 20. Qxe2 Nxd5 21. c4 Bf6 22. Bxf6 Nxf6 23. Rc1 Rc8 24. c5 bxc5 25. Rxc5 Qd8 26. Rxc8 Qxc8 27. Qc4 Qd7 28. Ne4 Qd1+ 29. Kg2 Nd5 30. Qc8+ Kh7 31. Qf8 Qe2 32. Qxf7 Ne3+ 33. Kh3 Qg4# 0-1


[Site "https://www.chess.com"]

[Event "Titled Tuesday Blitz June 21 Late 2022"]
[White "Mikhailov, Viacheslav"]
[Black "Mickiewicz, Piotr"]
[WhiteFideId "4187369"]
[BlackFideId "1114891"]
[WhiteElo "2381"]
[BlackElo "2209"]
[Result "1-0"]
[Round "07"]
[TimeControl "180+1"]
[Date "2022.06.21"]
[WhiteClock "0:00:01"]
[BlackClock "0:00:05"]

1. Nf3 Nf6 2. g3 g6 3. Bg2 Bg7 4. O-O O-O 5. c4 d6 6. Nc3 e5 7. d3 c6 8. Bg5 h6 9. Bxf6 Bxf6 10. Rc1 Be6 11. b4 Nd7 12. b5 d5 13. Nd2 Nb6 14. bxc6 bxc6 15. cxd5 cxd5 16. Nb3 Rc8 17. Qd2 Kg7 18. Nb5 Qe7 19. Qa5 Bg5 20. e3 d4 21. Rxc8 Nxc8 22. exd4 Bxb3 23. axb3 exd4 24. Nxd4 Bf6 25. Nc6 Qd6 26. Nxa7 Nxa7 27. Qxa7 Qxd3 28. b4 Bd4 29. Qb7 Qd2 30. b5 Qb2 31. Bd5 h5 32. h4 Qc3 33. Kg2 Qc5 34. Qc6 Qb6 35. Qxb6 Bxb6 36. Rc1 Rd8 37. Rd1 Rd6 38. f3 f6 39. g4 g5 40. gxh5 gxh4 41. Kh3 Kh6 42. Kxh4 f5 43. Kg3 Bc7 44. f4 Kxh5 45. Kf3 Kg6 46. Ke3 Bb6+ 47. Ke2 Kf6 48. Rd3 Bc5 49. Kd2 Bb6 50. Kc3 Ke7 51. Kc4 Rh6 52. Rg3 Rh4 53. Rg7+ Kd8 54. Be6 Rxf4+ 55. Kd5 Be3 56. Rf7 Rb4 57. Kc6 f4 58. Bg4 Ke8 59. Bh5 Kd8 60. Kd6 Rd4+ 61. Ke6 Rb4 62. Be2 Kc8 63. Kd6 Kb8 64. Kc6 Rb2 65. Bf3 Rc2+ 66. Kd6 Kc8 67. Rf8# 1-0


[Site "https://www.chess.com"]

[Event "Titled Tuesday Blitz June 21 Late 2022"]
[White "Mikhalsky, Vladimir"]
[Black "Colpe, Malte"]
[WhiteFideId "14144352"]
[BlackFideId "24623075"]
[WhiteElo "2301"]
[BlackElo "2328"]
[Result "0-1"]
[Round "07"]
[TimeControl "180+1"]
[Date "2022.06.22"]
[WhiteClock "0:00:01"]
[BlackClock "0:00:04"]

1. d4 Nf6 2. c4 e6 3. g3 d5 4. Nf3 a6 5. Bg2 dxc4 6. a4 Nc6 7. O-O Be7 8. Na3 Bxa3 9. Rxa3 O-O 10. e3 Rb8 11. Nd2 Na5 12. Qc2 Bd7 13. Nxc4 Nxc4 14. Qxc4 b5 15. Qc2 bxa4 16. Bd2 Bb5 17. Rc1 Nd5 18. Ba5 Qf6 19. Qc5 h5 20. h4 g6 21. e4 Nb6 22. Rf3 Qd8 23. Bc3 Nc4 24. d5 e5 25. Bf1 Qd6 26. Bb4 Qxc5 27. Bxc5 Nd6 28. Rf6 Nxe4 29. Bxf8 Nxf6 30. Ba3 Nxd5 31. Bg2 c6 32. Bd6 Re8 33. Rc5 e4 34. Bf1 f5 35. Bxb5 axb5 36. Rxc6 e3 37. fxe3 Rxe3 38. Kf2 Rb3 39. Rc2 Ne3 40. Rc8+ Kf7 41. Rc7+ Ke6 42. Ba3 Nc4 43. Rc6+ Kf7 44. Rc7+ Ke6 45. Rc6+ Kd5 46. Rxg6 b4 47. Rg5 bxa3 48. bxa3 Ke6 49. Rxh5 Nxa3 50. Rh6+ Ke5 51. Ra6 Rb4 52. h5 Nc2 53. h6 Nd4 54. h7 Rb2+ 55. Kg1 Rb8 56. Ra5+ Ke4 57. Rxa4 Rh8 58. Kg2 Rxh7 59. g4 f4 60. Ra6 Rb7 61. Kh3 f3 0-1


[Site "https://www.chess.com"]

[Event "Titled Tuesday Blitz June 21 Late 2022"]
[White "Mortazavi, Ali"]
[Black "Rustemov, Alexander"]
[WhiteFideId "401323"]
[BlackFideId "4119002"]
[WhiteElo "2339"]
[BlackElo "2733"]
[Result "0-1"]
[Round "07"]
[TimeControl "180+1"]
[Date "2022.06.21"]
[WhiteClock "0:00:20"]
[BlackClock "0:01:28"]

1. Nf3 d5 2. g3 c6 3. Bg2 Bf5 4. O-O e6 5. d3 Nf6 6. c4 dxc4 7. dxc4 Qxd1 8. Rxd1 Bc2 9. Re1 Bb4 10. Bd2 Bxd2 11. Nbxd2 Nbd7 12. Rac1 Bg6 13. c5 Ke7 14. e4 a5 15. Nh4 Rhd8 16. Nxg6+ hxg6 17. Re2 a4 18. h3 Ra5 19. e5 Nxe5 20. Rxe5 Rxd2 21. Rc4 Rxb2 22. a3 Rb3 23. Re3 Rxe3 24. fxe3 Nd7 25. h4 Nxc5 26. g4 e5 27. h5 g5 28. Kf2 Kd6 29. Kg3 Rb5 30. Rc1 Rb3 31. Rd1+ Rd3 32. Re1 Rxa3 33. Kf2 Nd3+ 0-1


[Site "https://www.chess.com"]

[Event "Titled Tuesday Blitz June 21 Late 2022"]
[White "Nathan, Nitish"]
[Black "Burke, Paul"]
[WhiteFideId "30927870"]
[BlackFideId "2605767"]
[WhiteElo "2244"]
[BlackElo "2015"]
[Result "1-0"]
[Round "07"]
[TimeControl "180+1"]
[Date "2022.06.22"]
[WhiteClock "0:02:08"]
[BlackClock "0:00:54"]

1. d4 Nf6 2. Bf4 d6 3. e3 g6 4. Nf3 Bg7 5. Be2 O-O 6. O-O c6 7. h3 h6 8. c3 Re8 9. Nbd2 Nbd7 10. a4 e5 11. Bh2 e4 12. Ne1 Nf8 13. b4 Bf5 14. c4 h5 15. c5 dxc5 16. bxc5 Nd5 17. Nc4 Nc3 18. Qd2 Nxe2+ 19. Qxe2 Be6 20. Nd6 Re7 21. Nxe4 b5 22. axb5 cxb5 23. Nd6 a6 24. Nd3 Rd7 25. Nb4 Rxd6 26. Bxd6 Bc4 27. Qf3 Bxf1 28. Kxf1 Rc8 29. Nc6 Qd7 30. Ne7+ Kh7 31. Nxc8 Qxc8 32. Bxf8 Qxf8 33. Rxa6 b4 34. Rb6 Qd8 35. Qxf7 1-0


[Site "https://www.chess.com"]

[Event "Titled Tuesday Blitz June 21 Late 2022"]
[White "Needleman, Alejandro"]
[Black "Reprintsev, Alexander"]
[WhiteFideId "100730"]
[BlackFideId "14100541"]
[WhiteElo "2320"]
[BlackElo "2108"]
[Result "0-1"]
[Round "07"]
[TimeControl "180+1"]
[Date "2022.06.22"]
[WhiteClock "0:00:14"]
[BlackClock "0:00:06"]

1. e4 d5 2. exd5 Qxd5 3. Nc3 Qa5 4. d4 Nf6 5. Nf3 Nc6 6. Bb5 Ne4 7. O-O Nxc3 8. Bxc6+ bxc6 9. bxc3 Bf5 10. c4 e6 11. Bf4 Bd6 12. Ne5 Qa4 13. c5 Bxe5 14. Bxe5 O-O 15. c3 Qa5 16. Qf3 f6 17. Bf4 Rf7 18. g4 Bg6 19. Rfe1 Re7 20. Qxc6 Rae8 21. Re3 e5 22. Bg3 Bf7 23. Rae1 Re6 24. Qb7 Qxa2 25. Qxc7 h5 26. dxe5 hxg4 27. Qb7 R8e7 28. Qe4 fxe5 29. Qxg4 e4 30. h4 Qc4 31. Bd6 Re8 32. h5 Qd5 33. Rh3 Rh6 34. Rg3 g6 35. hxg6 Rxg6 36. Qxg6+ Bxg6 37. Rxg6+ Kf7 38. Rg3 Rg8 39. Rxg8 Kxg8 40. Ra1 Qb7 41. Ra4 Kf7 42. Rb4 Qc6 43. Kf1 Ke6 44. Ke2 Kf5 45. Ke3 Qd5 46. Rd4 Qb7 47. Rc4 a5 48. c6 Qb6+ 49. Ke2 Qb5 50. c7 Qxc4+ 51. Ke1 a4 52. Kd1 Ke6 53. Bf4 Kd7 54. Kc1 a3 55. Kb1 Qb3+ 56. Kc1 Qb2+ 57. Kd1 a2 58. Bc1 a1=Q 59. c8=Q+ Kxc8 60. Ke1 Qaxc1# 0-1


[Site "https://www.chess.com"]

[Event "Titled Tuesday Blitz June 21 Late 2022"]
[White "Nilsson, Joakim"]
[Black "Omariev, Maksim"]
[WhiteFideId "1723383"]
[BlackFideId "4193423"]
[WhiteElo "2210"]
[BlackElo "2479"]
[Result "1/2-1/2"]
[Round "07"]
[TimeControl "180+1"]
[Date "2022.06.22"]
[WhiteClock "0:01:27"]
[BlackClock "0:00:04"]

1. d4 h5 2. c4 h4 3. h3 c6 4. Nc3 d5 5. Nf3 e6 6. Bf4 Be7 7. e3 Nd7 8. Qc2 Ngf6 9. cxd5 Nxd5 10. Nxd5 exd5 11. O-O-O Nf6 12. Ne5 Be6 13. Kb1 a5 14. Bd3 a4 15. f3 a3 16. b3 Qb6 17. Bf5 Bxf5 18. Qxf5 Qa5 19. Rc1 Rh5 20. Qd3 Kf8 21. Rc2 Re8 22. Rhc1 Bb4 23. e4 Kg8 24. Ng4 Nd7 25. e5 Nf8 26. Be3 Ne6 27. f4 Nc7 28. f5 Nb5 29. e6 fxe6 30. f6 Rf5 31. fxg7 Kxg7 32. Nh6 Rf6 33. Ng4 Rf5 34. Bh6+ Kg6 35. Be3 Kg7 1/2-1/2


[Site "https://www.chess.com"]

[Event "Titled Tuesday Blitz June 21 Late 2022"]
[White "Novikova, Galina"]
[Black "Toncheva, Nadya"]
[WhiteFideId "4157095"]
[BlackFideId "2924056"]
[WhiteElo "1863"]
[BlackElo "1888"]
[Result "1-0"]
[Round "07"]
[TimeControl "180+1"]
[Date "2022.06.22"]
[WhiteClock "0:00:08"]
[BlackClock "0:00:04"]

1. e4 c5 2. Nf3 d6 3. d4 cxd4 4. Nxd4 Nf6 5. Nc3 Nc6 6. Be2 e5 7. Nb3 Be6 8. Bg5 Be7 9. Bxf6 Bxf6 10. O-O O-O 11. Bg4 Qd7 12. Bxe6 Qxe6 13. Nd5 Rac8 14. c3 Ne7 15. Nxe7+ Bxe7 16. Qd3 f5 17. Rad1 Kh8 18. Rd2 b6 19. Rfd1 fxe4 20. Qxe4 Rc4 21. Qe2 Rg4 22. g3 h5 23. Nd4 Qg6 24. Nc6 Bg5 25. Rxd6 Qf5 26. Nxe5 Re8 27. Re1 Kh7 28. h3 Bf6 29. hxg4 hxg4 30. Qxg4 Qxg4 31. Nxg4 Rxe1+ 32. Kg2 Be7 33. Rd7 a5 34. Ne3 Bc5 35. Nf5 Re2 36. Rxg7+ Kh8 37. Rf7 Rxf2+ 38. Kh3 Rxb2 39. g4 Rc2 40. g5 Rxc3+ 41. Kg4 Kg8 42. Rb7 Ra3 43. Kh5 Kf8 44. g6 Kg8 45. Rb8+ Bf8 46. g7 Rh3+ 47. Kg6 Rg3+ 48. Kf6 Rxg7 49. Nxg7 b5 50. Ne6 b4 51. Rxf8+ Kh7 52. Rb8 a4 53. Rxb4 Kh6 54. Rxa4 Kh5 55. Rf4 Kh6 56. Rh4# 1-0


[Site "https://www.chess.com"]

[Event "Titled Tuesday Blitz June 21 Late 2022"]
[White "Pakleza, Zbigniew"]
[Black "Romanchuk, Viktor"]
[WhiteFideId "1119290"]
[BlackFideId "14109271"]
[WhiteElo "2467"]
[BlackElo "2242"]
[Result "1-0"]
[Round "07"]
[TimeControl "180+1"]
[Date "2022.06.21"]
[WhiteClock "0:00:09"]
[BlackClock "0:00:13"]

1. d4 d5 2. Bf4 Nf6 3. e3 c5 4. c3 Nc6 5. Nd2 cxd4 6. cxd4 a6 7. Bd3 Bg4 8. Ngf3 e6 9. O-O Bd6 10. Bxd6 Qxd6 11. h3 Bxf3 12. Nxf3 O-O 13. Qb3 Na5 14. Qa4 Nc6 15. Rfc1 Rfc8 16. Rc3 Rc7 17. Rac1 Rac8 18. a3 g6 19. Qc2 Ne8 20. Nd2 Nb8 21. Rxc7 Rxc7 22. Qd1 Rxc1 23. Qxc1 Qc7 24. Qd1 Nd6 25. h4 Nd7 26. Nf3 Kg7 27. g3 Qc6 28. Kg2 Qc7 29. h5 Nf6 30. hxg6 hxg6 31. Qb3 Nd7 32. Qb4 Nc8 33. g4 Nd6 34. g5 Nc4 35. Bxc4 dxc4 36. Qe7 Qc6 37. e4 b5 38. Kg3 a5 39. Kf4 Qc7+ 40. Ne5 Qb6 41. Qxf7+ 1-0


[Site "https://www.chess.com"]

[Event "Titled Tuesday Blitz June 21 Late 2022"]
[White "Papp, Levente"]
[Black "Bilych, Olexiy"]
[WhiteFideId "751243"]
[BlackFideId "14156504"]
[WhiteElo "2308"]
[BlackElo "2189"]
[Result "0-1"]
[Round "07"]
[TimeControl "180+1"]
[Date "2022.06.21"]
[WhiteClock "0:00:04"]
[BlackClock "0:00:26"]

1. b3 e5 2. Bb2 Nc6 3. e3 Nf6 4. c4 d5 5. cxd5 Nxd5 6. Nc3 Nxc3 7. dxc3 Qxd1+ 8. Rxd1 Bd6 9. Nf3 O-O 10. Be2 e4 11. Nd4 Nxd4 12. cxd4 c6 13. O-O Be6 14. f3 Bd5 15. Kf2 Rfe8 16. f4 b5 17. Rc1 a5 18. a3 Rec8 19. Bd1 Ra7 20. Re1 Rac7 21. Re2 Kf8 22. g4 Ke7 23. h4 f6 24. Rd2 g6 25. Kg3 Ke6 26. Kh3 f5 27. g5 Rh8 28. Kg3 h6 29. gxh6 Rxh6 30. Rh2 Rch7 31. Bc3 g5 32. Bxa5 gxf4+ 33. exf4 Rg7+ 34. Kh3 Bxf4 35. Rcc2 Rg3# 0-1


[Site "https://www.chess.com"]

[Event "Titled Tuesday Blitz June 21 Late 2022"]
[White "Pappelis, Dimitrios"]
[Black "Kanyamarala, Tarun"]
[WhiteFideId "4215281"]
[BlackFideId "45004714"]
[WhiteElo "1998"]
[BlackElo "2219"]
[Result "0-1"]
[Round "07"]
[TimeControl "180+1"]
[Date "2022.06.22"]
[WhiteClock "0:00:07"]
[BlackClock "0:00:05"]

1. d4 d5 2. c4 c6 3. cxd5 cxd5 4. Bf4 Nc6 5. e3 Nf6 6. Nc3 Bg4 7. f3 Bd7 8. Bd3 e6 9. Nge2 Nh5 10. O-O Nxf4 11. Nxf4 Bd6 12. Rc1 O-O 13. Nfe2 Rc8 14. e4 dxe4 15. fxe4 Qh4 16. e5 Bb8 17. Rf4 Qg5 18. Ne4 Qe7 19. N2g3 Nxd4 20. Rxc8 Rxc8 21. Qh5 Nf5 22. Nf6+ Qxf6 23. exf6 Bxf4 24. Nxf5 exf5 25. g3 Be3+ 26. Kg2 Bc6+ 27. Kh3 g6 28. Qe2 Re8 29. Bc4 f4 30. gxf4 Re4 31. Qd3 Bd4 32. Kg4 Bxf6 33. Qb3 Kg7 34. Bxf7 Bd4 35. Bd5 h5+ 36. Kh4 Rxf4+ 37. Kg3 Be5 38. Bxc6 Rb4+ 39. Kf2 Rxb3 40. axb3 bxc6 41. Ke3 Bxb2 42. Ke4 Bf6 0-1


[Site "https://www.chess.com"]

[Event "Titled Tuesday Blitz June 21 Late 2022"]
[White "Paravyan, David"]
[Black "Suleymanli, Aydin"]
[WhiteFideId "4194985"]
[BlackFideId "13413937"]
[WhiteElo "2569"]
[BlackElo "2481"]
[Result "1-0"]
[Round "07"]
[TimeControl "180+1"]
[Date "2022.06.21"]
[WhiteClock "0:02:11"]
[BlackClock "0:00:10"]

1. e4 c5 2. Nf3 e6 3. d4 cxd4 4. Nxd4 Nc6 5. Nc3 Qc7 6. Bg5 Nf6 7. Be2 a6 8. Nxc6 dxc6 9. Qd3 e5 10. O-O-O Be6 11. Rhf1 Nd7 12. f4 f6 13. Bh5+ Ke7 14. f5 Bg8 15. Be3 Rd8 16. Na4 1-0


[Site "https://www.chess.com"]

[Event "Titled Tuesday Blitz June 21 Late 2022"]
[White "Peatman, Carter"]
[Black "Shuvalova, Polina"]
[WhiteFideId "2096480"]
[BlackFideId "24171760"]
[WhiteElo "2472"]
[BlackElo "2330"]
[Result "1-0"]
[Round "07"]
[TimeControl "180+1"]
[Date "2022.06.22"]
[WhiteClock "0:00:07"]
[BlackClock "0:00:32"]

1. d4 d6 2. Bf4 g6 3. e3 Bg7 4. Nf3 Nd7 5. h3 Ngf6 6. c3 O-O 7. Bh2 Re8 8. Be2 Ne4 9. O-O e5 10. a4 Qe7 11. Qb3 Ndf6 12. Rd1 Be6 13. Qa3 Nd7 14. d5 Bf5 15. g4 Bxg4 16. hxg4 Ndf6 17. Nbd2 Nxd2 18. Rxd2 Nxg4 19. Bg3 h5 20. Qb4 e4 21. Nd4 Qg5 22. Bf4 Qxd5 23. Bc4 Qc5 24. Qxc5 dxc5 25. Nb5 Ne5 26. Bxe5 Bxe5 27. Rd7 Rf8 28. Nxc7 Rad8 29. Bxf7+ Kg7 30. Ne6+ Kf6 31. Nxd8 b6 32. Rad1 h4 33. Nc6 h3 34. Nxe5 Kxe5 35. R1d5+ Kf6 36. R5d6+ Ke5 37. Re6+ Kf5 38. Rde7 g5 39. Bg6+ Kg4 40. Rxe4+ Kf3 41. Bh5+ g4 42. Bxg4# 1-0


[Site "https://www.chess.com"]

[Event "Titled Tuesday Blitz June 21 Late 2022"]
[White "Petrovic, Aleksa"]
[Black "Barria Zuniga, Daniel"]
[WhiteFideId "967629"]
[BlackFideId "3400816"]
[WhiteElo "2117"]
[BlackElo "2414"]
[Result "0-1"]
[Round "07"]
[TimeControl "180+1"]
[Date "2022.06.22"]
[WhiteClock "0:00:03"]
[BlackClock "0:00:16"]

1. d4 c6 2. c4 d5 3. Nf3 dxc4 4. e3 b5 5. a4 e6 6. axb5 cxb5 7. b3 Bb4+ 8. Bd2 Bxd2+ 9. Qxd2 a5 10. Na3 Nf6 11. Nxb5 cxb3 12. Bc4 O-O 13. Bxb3 Nc6 14. O-O Ba6 15. Bc4 Qb6 16. Rfb1 Nb4 17. Na3 Rfc8 18. Ne5 Ne4 19. Qe1 Nd6 20. Bxa6 Qxa6 21. f3 Nd3 22. Qe2 Nxe5 23. Qxa6 Nxf3+ 24. gxf3 Rxa6 25. Nb5 Nxb5 26. Rxb5 a4 27. Ra3 g6 28. Rb4 Rca8 29. Kf2 Ra5 30. Ke2 Kg7 31. Kd3 Kh6 32. e4 Kg5 33. Kc4 Kf4 34. d5 exd5+ 35. exd5 Rc8+ 36. Kd3+ Ke5 37. Raxa4 Rxd5+ 38. Rd4 Rcd8 39. Rxd5+ Rxd5+ 40. Ke3 h5 41. Ra7 Kf6 42. Ra6+ Kf5 43. Kf2 f6 44. Kg3 g5 45. h4 Rd3 46. Ra5+ Kg6 47. Ra4 g4 48. Rf4 f5 49. Kg2 Rxf3 50. Rxf3 gxf3+ 51. Kxf3 Kf6 52. Kf4 Ke6 53. Kg5 Ke5 54. Kxh5 f4 55. Kg4 Ke4 56. h5 f3 57. h6 f2 58. h7 f1=Q 59. h8=Q Qg1+ 0-1


[Site "https://www.chess.com"]